 Dungeon Crawl Stone Soup version 0.13-a0-3110-gf6e36dc (webtiles) character file.

145 Econoterrorist the Firebug (level 4, -1/24 HPs)
             Began as a Deep Elf Fire Elementalist on Sept 20, 2013.
             Slain by a gnoll
             ... wielding a +0,+0 halberd
              (5 damage)
             ... on Level 2 of the Dungeon.
             The game lasted 00:11:40 (1690 turns).

Econoterrorist the Firebug (DEFE)                   Turns: 1690, Time: 00:11:40

HP  -1/24        AC  3     Str  5      XL: 4   Next: 32%
MP   4/12        EV 10     Int 21      God:
Gold 55          SH  0     Dex 15      Spells:  3 memorised,  2 levels left

Res.Fire  : . . .   See Invis. : .   d - -1,+1 orc short sword
Res.Cold  : . . .   Warding    : .   i - +0 orc leather armour
Life Prot.: . . .   Conserve   : .   (no shield)
Res.Poison: .       Res.Corr.  : .   (no helmet)
Res.Elec. : .       Clarity    : .   (no cloak)
Sust.Abil.: . .     Spirit.Shd : .   (no gloves)
Res.Mut.  : .       Stasis     : .   (no boots)
Res.Rott. : .       Flight     : .   (no amulet)
Saprovore : . . .                    (no ring)
                                     (no ring)

@: slightly resistant to hostile enchantments, fairly stealthy
A: no striking features
a: no special abilities


You were on level 2 of the Dungeon.
You were hungry.

You visited 1 branch of the dungeon, and saw 2 of its levels.

You collected 35 gold pieces.

Inventory:

Hand weapons
 d - a -1,+1 orcish short sword (weapon)
Armour
 i - a +0 orcish leather armour (worn)
Comestibles
 c - 2 bread rations
Scrolls
 a - a scroll of curse weapon {unknown}
 e - 2 scrolls of identify {unknown}
 g - a scroll of remove curse {unknown}
 h - a scroll of teleportation {unknown}
Potions
 f - a potion of confusion {unknown}
 j - a potion of curing {unknown}
Books
 b - a book of Flames

   Spells                             Type                      Level
   *Flame Tongue                      Conjuration/Fire             1
   *Throw Flame                       Conjuration/Fire             2
   *Conjure Flame                     Conjuration/Fire             3
   Inner Flame                        Hexes/Fire                   3
   Sticky Flame                       Conjuration/Fire             4
   Fireball                           Conjuration/Fire             5


   Skills:
 - Level 2.4 Dodging
 - Level 2.4 Stealth
 + Level 2.9 Spellcasting
 + Level 3.2 Conjurations
 + Level 4.1 Fire Magic


You had 2 spell levels left.
You knew the following spells:

 Your Spells              Type           Power        Failure   Level  Hunger
a - Flame Tongue          Conj/Fire      ###..        3%          1    None
b - Throw Flame           Conj/Fire      ###...       6%          2    ##.....
c - Conjure Flame         Conj/Fire      ###.....     12%         3    ###....


Dungeon Overview and Level Annotations

Branches:
Dungeon (2/27)

Altars:


Message History

Aiming: Flame Tongue
Press: ? - help, Shift-Dir - straight line, f - gnoll
Aim: a gnoll, wielding a halberd The flame hits the gnoll.
The gnoll is heavily wounded.
The gnoll barely misses you.
Casting: Flame Tongue
Confirm with . or Enter, or press ? or * to list all spells.
Aiming: Flame Tongue
Press: ? - help, Shift-Dir - straight line, f/p - gnoll
Aim: a gnoll, wielding a halberd (heavily wounded)
The flame misses the gnoll.
The gnoll misses you.
Casting: Flame Tongue
Confirm with . or Enter, or press ? or * to list all spells.
Aiming: Flame Tongue
Press: ? - help, Shift-Dir - straight line, f/p - gnoll
Aim: a gnoll, wielding a halberd (heavily wounded)
The flame misses the gnoll.
The gnoll hits you from afar with a halberd.
You die...

#..# ..# #..####.#
#......<#
##.####.##### #)#
#....<# #.# #######
#.# #.# #@# #.# #g#
#.# #.# #%# ##.##
#..%###############
#..................


You could see a gnoll.

Vanquished Creatures
  2 gnolls (D:2)
  An adder (D:2)
  A worm (D:2)
  A giant gecko (D:2)
  7 hobgoblins
  5 jackals
  3 kobolds
  10 bats
  A giant cockroach (D:1)
  6 giant newts
  11 goblins
  8 rats
56 creatures vanquished.

Notes
Turn   | Place    | Note
--------------------------------------------------------------
     0 | D:1      | Econoterrorist, the Deep Elf Fire Elementalist, began the quest for the Orb.
     0 | D:1      | Reached XP level 1. HP: 10/10 MP: 4/4
   273 | D:1      | Reached XP level 2. HP: 15/15 MP: 3/6
   421 | D:1      | Learned a level 2 spell: Throw Flame
   920 | D:1      | Reached XP level 3. HP: 19/19 MP: 7/9
   989 | D:1      | Learned a level 3 spell: Conjure Flame
  1137 | D:2      | Reached skill level 4 in Fire Magic
  1546 | D:2      | Reached XP level 4. HP: 24/24 MP: 1/12
  1690 | D:2      | Slain by a gnoll

Action                   |  1- 3 |  4- 6 || total
-------------------------+-------+-------++-------
Melee: Unarmed           |     6 |       ||     6
       Short sword       |    46 |     4 ||    50
 Cast: Flame Tongue      |    65 |    13 ||    78
       Throw Flame       |    10 |       ||    10
       Conjure Flame     |     1 |     1 ||     2
